Map: Acropolis LE

Players

Ziggy

  • Race: Terran Terran
  • Spawn Location: 11:00

Vanya - Winner!

  • Race: Zerg Zerg
  • Spawn Location: 5:00

Event: 2019 WCS Summer

VOD

Have the link to the VOD?

Description

Time

  • Played on: July 12, 2019, 11:51 a.m.
  • Length: 9:02

All games in this series

Show
View Real Time Build Order
Export as new Build Order

Ziggy Terran 

Build Orders: Reaper Expand 

Get SALT Encoding   

  12  0:00  SCV  
  13  0:12  SCV  
  14  0:17  Supply Depot  
  14  0:25  SCV  
  15  0:39  SCV  
  15  0:40  Barracks  
  16  0:43  Refinery  
  16  0:51  SCV  
  17  1:03  SCV  
  18  1:15  SCV  
  19  1:27  Orbital Command, Reaper  
  20  1:41  Command Center  
  20  1:51  Barracks  
  20  1:56  SCV  
  20  2:00  Barracks Reactor  
  21  2:08  Supply Depot  
  21  2:09  SCV  
  22  2:16  Refinery  
  22  2:21  SCV  
  23  2:33  SCV  
  24  2:37  Marine  
  24  2:40  Barracks Tech Lab  
  24  2:42  Factory  
  25  2:45  SCV  
  26  2:52  Marine  
  26  2:54  Orbital Command  
  26  2:55  Marine  
  26  2:58  SCV  
  29  3:02  Stimpack  
  29  3:05  Marine  
  29  3:12  Marine  
  31  3:13  Marine  
  31  3:14  SCV  
  33  3:20  SCV  
  33  3:24  Marine  
  33  3:26  SCV  
  36  3:27  Starport  
  36  3:29  Factory Reactor  
  36  3:32  Marine  
  37  3:36  SCV  
  37  3:39  Marine  
  37  3:40  SCV  
  40  3:48  SCV  
  41  3:49  Marine x2  
  43  3:55  Supply Depot  
  43  3:56  SCV, Supply Depot  
  43  4:01  Marine  
  45  4:04  SCV  
  46  4:17  Marine x2, SCV, Medivac x2  
  46  4:18  Factory Tech Lab, Marine  
  46  4:19  Supply Depot  
  46  4:20  SCV  
  55  4:29  SCV  
  56  4:32  SCV  
  56  4:35  Marine x2  
  56  4:36  Marine  
  60  4:41  Siege Tank, SCV  
  60  4:42  Supply Depot  
  60  4:44  SCV  
  65  4:46  Supply Depot  
  65  4:49  Refinery  
  65  4:52  Marine  
  65  4:53  SCV  
  65  4:54  Marine x2  
  65  4:56  Barracks  
  69  5:04  SCV, Medivac  
  69  5:05  SCV  
  73  5:07  Combat Shield  
  73  5:10  Marine  
  74  5:16  Marine x2, SCV, Supply Depot  
  77  5:25  Barracks  
  77  5:28  Marine, SCV x2  
  78  5:34  Marine x2  
  81  5:36  Siege Tank  
  81  5:40  Starport Reactor  
  84  5:45  Refinery  
  84  5:47  Marine x3  
  85  5:52  Barracks  
  83  5:59  Marine x2  
  80  6:04  Marine  
  80  6:05  Marine x2  
  80  6:09  Siege Tank  
  86  6:13  Barracks  
  86  6:16  Marine, Barracks Tech Lab  
  86  6:18  Medivac  
  89  6:22  Medivac  
  89  6:23  Marauder  
  93  6:26  Marine  
  94  6:48  Barracks Reactor  
  94  6:52  Marine x5, Supply Depot x2  
  94  6:53  Siege Tank  
  102  6:54  Supply Depot  
  102  7:12  Supply Depot  
  102  7:13  Marauder, Marine, Medivac  
  102  7:14  Medivac  
  110  7:21  Marine x3  
  113  7:24  Marine  
  113  7:25  Siege Tank, Marine x2  
  113  7:26  Barracks Reactor  
  118  7:31  Marauder  
  118  7:34  Marine, Liberator x2  
  121  7:41  Marine  
  121  7:42  Marine x2  
  124  7:53  Marauder  
  132  8:08  Marine x2  
  134  8:12  Supply Depot  
  134  8:15  Supply Depot  
  134  8:17  Supply Depot  
  134  8:34  Marauder x2, Marine x3  
  134  8:35  Marine, Supply Depot  
  134  8:36  Marine x2, Supply Depot  
  134  8:41  Marine  
  147  8:44  Marine  
Show
View Real Time Build Order
Export as new Build Order

Vanya Zerg - Winner!

Build Orders: Hatch First 

Get SALT Encoding   

  12  0:00  Drone  
  13  0:12  Overlord  
  13  0:16  Drone  
  14  0:30  Drone x2  
  16  0:47  Hatchery  
  15  0:50  Drone  
  15  0:54  Drone  
  17  0:57  Drone  
  18  1:07  Extractor  
  17  1:12  Spawning Pool  
  17  1:15  Drone  
  17  1:18  Drone  
  18  1:27  Drone  
  19  1:39  Drone  
  20  1:49  Drone  
  21  1:59  Queen x2  
  21  2:00  Zergling x4  
  27  2:15  Hatchery  
  26  2:17  Overlord  
  26  2:20  Drone  
  27  2:23  Drone  
  28  2:38  Metabolic Boost  
  28  2:39  Queen  
  28  2:41  Drone  
  31  2:45  Drone  
  31  2:47  Overlord  
  32  2:52  Drone  
  32  2:53  Drone  
  32  2:55  Drone  
  32  2:57  Drone  
  36  3:09  Drone  
  36  3:10  Drone  
  36  3:12  Drone x2  
  40  3:14  Queen  
  40  3:18  Overlord  
  42  3:21  Drone  
  42  3:22  Drone  
  44  3:32  Queen  
  46  3:35  Overlord  
  46  3:38  Drone x3  
  46  3:40  Baneling Nest  
  46  3:41  Drone  
  49  3:46  Drone x2  
  50  3:49  Drone x2  
  50  3:52  Zergling x4  
  50  3:55  Zergling x2  
  55  4:04  Queen  
  55  4:06  Drone x2  
  55  4:09  Overlord  
  59  4:10  Drone x2  
  59  4:14  Drone  
  59  4:16  Lair  
  62  4:19  Drone, Extractor  
  62  4:21  Extractor  
  62  4:22  Drone x3  
  62  4:23  Drone  
  65  4:28  Baneling x2  
  65  4:29  Spore Crawler  
  65  4:30  Baneling, Overlord  
  65  4:31  Zergling x2  
  65  4:35  Drone x2  
  65  4:36  Spore Crawler  
  65  4:37  Drone  
  67  4:40  Drone x2  
  67  4:43  Drone  
  70  4:48  Drone x2  
  70  4:50  Drone  
  70  4:51  Drone x2  
  75  4:54  Baneling  
  75  4:55  Baneling  
  75  4:56  Zergling x2  
  75  4:59  Overlord  
  76  5:06  Drone x2  
  78  5:09  Zergling x6  
  78  5:10  Extractor  
  78  5:11  Extractor  
  78  5:13  Zergling x4  
  81  5:18  Zergling x2  
  81  5:19  Zergling x8  
  81  5:21  Zergling x2, Hatchery  
  85  5:23  Zergling x2  
  85  5:30  Zergling x2  
  85  5:35  Zergling x6  
  88  5:36  Zergling x2  
  88  5:38  Zergling x2  
  88  5:41  Centrifical Hooks  
  90  5:46  Overlord x3  
  90  5:49  Evolution Chamber  
  89  5:52  Evolution Chamber  
  89  5:53  Overlord  
  88  5:57  Overlord  
  88  6:01  Zergling x6  
  88  6:04  Zergling x2  
  89  6:05  Overlord  
  89  6:06  Zergling x6  
  92  6:13  Zergling x2  
  92  6:14  Zergling x8, Overlord  
  92  6:15  Zerg Melee Weapons Level 1  
  92  6:16  Zergling x2  
  92  6:18  Zerg Ground Armor Level 1  
  98  6:20  Overseer  
  98  6:22  Zergling x4  
  100  6:28  Zergling x2  
  100  6:32  Hydralisk Den  
  100  6:33  Zergling x4  
  100  6:38  Zergling x8  
  106  6:41  Zergling x6  
  106  6:44  Overlord  
  106  6:48  Drone x2  
  106  6:51  Drone  
  109  6:59  Zergling x2  
  110  7:01  Muscular Augments  
  110  7:03  Extractor  
  110  7:07  Hydralisk x9  
  127  7:21  Hydralisk  
  128  7:25  Baneling  
  128  7:26  Baneling x17  
  128  7:27  Zergling x2  
  129  7:33  Zergling x16  
  129  7:34  Zergling x8  
  129  7:35  Baneling  
  129  7:36  Baneling x4  
  141  7:40  Overlord  
  141  7:44  Overlord  
  139  7:49  Hydralisk x2  
  143  7:56  Baneling  
  143  7:57  Baneling  
  143  7:59  Hydralisk x3, Zergling x2  
  143  8:00  Zergling x2  
  143  8:02  Hydralisk  
  143  8:03  Zergling x2  
  153  8:07  Zergling x4  
  153  8:10  Hydralisk  
  153  8:11  Zergling x4  
  158  8:13  Hydralisk  
  158  8:19  Zergling x2  
  159  8:21  Overseer  
  159  8:29  Overseer  
  159  8:31  Overlord  
  159  8:41  Zergling x2  
  159  8:44  Zergling x2  
  159  8:45  Zergling x4  
Tags
 
Add a new tag
Caveats
  • Supply blocks, unpowered buildings, or Contaminate may cause inaccurate times.
  • Supply counts are checked every 10 seconds.